 Dungeon Crawl Stone Soup version 0.17-a0-1373-g64d4c99 (webtiles) character file.

156302 wotan the Brawler (level 17, -5/143 (144) HPs)
             Began as a Ghoul Monk on June 12, 2015.
             Was the Champion of Makhleb.
             Blown up by an orb spider (45 damage)
             ... with an orb of destruction
             ... on level 4 of the Spider Nest on June 13, 2015.
             The game lasted 03:57:04 (37740 turns).

wotan the Brawler (Ghoul Monk)                     Turns: 37740, Time: 03:57:04

HP:   -5/143 (144)  AC: 29    Str: 29    XL:     17   Next: 67%
MP:   14/14         EV: 14    Int:  9    God:    Makhleb [******]
Gold: 3045          SH:  0    Dex: 20    Spells: 1 memorised, 12 levels left

rFire  . . .     SeeInvis +     a - +4 longbow (flame)
rCold  + . .     Clarity  .     c - +7 plate armour of Awe {rCorr MP-9 Str+5}
rNeg   + + +     SustAt   .     (no shield)
rPois  ∞         Gourm    .     x - +0 helmet
rElec  .         Spirit   .     D - +1 cloak
rCorr  +         Warding  +     (no gloves)
rMut   .         Stasis   .     s - +0 pair of boots
MR     .....                    X - amulet "Hykkek" {Ward rN+ MR- Str+3 Int+2 SInv}
Stlth  ..........               C - +4 ring of strength
                                r - +6 ring of dexterity

@: rotting, not resistant to hostile enchantments, extremely unstealthy
A: rotting body, claws 1, carnivore 3, cold resistance 1, negative energy
resistance 3, slow healing 1, torment resistance, unbreathing
a: Minor Destruction, Lesser Servant of Makhleb, Major Destruction, Greater
Servant of Makhleb, Renounce Religion


You were on level 4 of the Spider Nest.
You worshipped Makhleb.
Makhleb was exalted by your worship.
You were not hungry.

You visited 5 branches of the dungeon, and saw 32 of its levels.
You also visited: Ice Cave.

You collected 3205 gold pieces.
You spent 160 gold pieces at shops.

Inventory:

Hand weapons
 a - a +4 longbow of flaming (weapon)
Missiles
 Z - 48 poisoned arrows (quivered)
Armour
 c - the +7 plate armour of Awe (worn) {rCorr MP-9 Str+5}
   (You found it on level 7 of the Dungeon)

   It affects your strength (+5).
   It affects your magic capacity (-9).
   It protects you from acid and corrosion.
 s - a +0 pair of boots (worn)
 x - a +0 helmet (worn)
 D - a +1 cloak (worn)
 M - the +1 ring mail "Ibukheto" {*Confuse rElec Str+6}
   (You found it on level 13 of the Dungeon)

   It affects your strength (+6).
   It insulates you from electricity.
   It may confuse you when you take damage.
Rods
 L - a +1 rod of destruction (13/13)
   (You found it on level 2 of the Spider Nest)
Jewellery
 k - a +3 ring of evasion
 m - an uncursed ring of invisibility
 n - an uncursed ring of sustain attributes
 r - a +6 ring of dexterity (left claw)
 C - a +4 ring of strength (right claw)
 K - an uncursed ring of protection from cold
 W - an uncursed ring of see invisible
 X - the amulet "Hykkek" (around neck) {Ward rN+ MR- Str+3 Int+2 SInv}
   (You found it on level 4 of the Orcish Mines)

   [amulet of warding]

   It may prevent the melee attacks of summoned creatures.
   It affects your strength (+3).
   It affects your intelligence (+2).
   It protects you from negative energy.
   It affects your resistance to hostile enchantments.
   It lets you see invisible.
Magical devices
 e - a wand of digging (5)
 f - a wand of slowing (13)
 E - a wand of invisibility (6)
 G - a wand of disintegration (10)
 I - a wand of polymorph (9)
 J - a wand of enslavement (4)
 R - a wand of confusion (26)
 U - a wand of digging (13)
 Y - a wand of lightning (10)
Scrolls
 i - a scroll of fear
 j - 7 scrolls of recharging
 o - 10 scrolls of amnesia
 q - 3 scrolls of remove curse
 u - 2 scrolls of identify
 w - 3 scrolls of teleportation
 y - 3 scrolls of enchant armour
 P - 4 scrolls of fog
 S - 2 scrolls of magic mapping
Potions
 l - a potion of brilliance
 p - 4 potions of flight
 t - 2 potions of magic
 z - 3 potions of resistance
 B - 2 potions of invisibility
 H - 3 potions of curing
 Q - a potion of haste
 V - 2 potions of agility
Books
 h - a book of Hinderance

   Spells                             Type                      Level
   a - Confusing Touch                Hexes                        2
   b - Confuse                        Hexes                        3
   c - Gell's Gravitas                Hexes/Translocation          3
   d - Petrify                        Transmutation/Earth          4
   e - Metabolic Englaciation         Hexes/Ice                    5
Miscellaneous
 d - a stone of tremors
 A - a lamp of fire
 F - a disc of storms
Comestibles
 b - 11 meat rations
 g - 9 beef jerkies
 v - 6 slices of pizza
 O - 13 royal jellies


   Skills:
 - Level 11.0 Fighting
 - Level 7.0 Bows
 + Level 14.1 Armour
 - Level 7.7 Dodging
 - Level 6.0 Stealth
 - Level 20.5 Unarmed Combat
 - Level 10.0 Invocations
 - Level 6.0 Evocations


You had 12 spell levels left.
You knew the following spells:

 Your Spells              Type           Power        Failure   Level  Hunger
a - Olgreb's Toxic Radia  Pois           #.......     100%        4    #####..


Dungeon Overview and Level Annotations

Branches:
Dungeon (15/15)            Temple (1/1) D:7            Lair (8/8) D:8
 Shoals (0/4) Lair:3       Spider (4/4) Lair:4        Slime (0/6) Lair:8
    Orc (4/4) D:9             Elf (0/3) Orc:4        Vaults (0/5) D:13
 Depths: D:15

Altars:
Ashenzari
Cheibriados
Elyvilon
Fedhas
Gozag
Kikubaaqudgha
Makhleb
Nemelex Xobeh
Qazlal
Vehumet
Xom
Yredelemnul
Beogh

Shops:
D:4 }   D:9 *   Orc:1 (   Orc:3 }   Orc:4 (**(

Annotations:
Orc:2 Rupert


Innate Abilities, Weirdness & Mutations

Your body is rotting away.
You thrive on raw meat.
You are immune to poison.
You have sharp fingernails.
You are carnivorous and can eat meat at any time.
Your flesh is cold resistant.
You are immune to negative energy.
You heal slowly when monsters are visible.
You are immune to unholy pain and torment.
You can survive without breathing.


Message History

The jumping spider leaps!
The jumping spider leaps!
The orb spider pulsates with a strange energy.
The orb spider weaves a glowing orb of energy.
A demonic crawler comes into view.
The demonic crawler gives a hideous shriek!
The orb spider pulsates with a strange energy.
You found a web!
The jumping spider leaps!
The orb of destruction hits you!
* * * LOW HITPOINT WARNING * * *
The orb spider weaves a glowing orb of energy.
The jumping spider leaps! x2
You see here 15 stones.
Read which item? (? for menu, Esc to quit)
As you read the scroll of fear, it crumbles to dust.
You assume a fearsome visage.
The demonic crawler is unaffected.
The orb of destruction is unaffected.
The orb spider looks frightened!
The jumping spider looks frightened!
The orb spider looks frightened!
The jumping spider leaps!
The jumping spider leaps!
The orb of destruction hits you!
You die...

##.(......................
########.........................
^#.#.^#(.........................
....#...(........................
....s.......s....................
≈#.#..#..........................
######.....................#....
#.#.^...................###
#†#.§s§..§@.......^.....#..
#.##s.§§§(..........[......
#.##......s............#...
#.##.......................
####...?...................
#.............^.........
#.......................
#..............)........
#.......................


You could see a demonic crawler, 2 orb spiders and a jumping spider (fleeing).

Vanquished Creatures
  Nikola (Spider:3)
  An emperor scorpion (Spider:4)
  An orc warlord (Orc:4)
  3 ghost moths
  Nessos (Orc:3)
  A fire dragon (D:13)
  An entropy weaver (Spider:3)
  Fannar (Lair:2)
  5 hydras
  A catoblepas (Lair:8)
  A deep troll shaman (Lair:8)
  4 centaur warriors
  11 death yaks
  Urug (Lair:1)
  7 orc high priests (Orc:4)
  Sonja (Orc:2)
  Nergalle (Lair:2)
  A wizard (D:13)
  An unseen horror (D:11)
  5 skeletal warriors (D:11)
  6 ice devils (IceCv)
  2 ice statues (IceCv)
  10 hill giants
  Pikel (D:4)
  4 orc knights (Orc:4)
  17 orb spiders
  22 wolf spiders
  4 hornets
  3 moths of wrath
  A manticore (D:14)
  5 centaur zombies
  3 black mambas
  6 orc sorcerers
  2 sirens (Lair:3)
  Joseph (D:9)
  15 spiny frogs
  11 elephants (Lair:8)
  4 torpor snails
  A torpor snail (shapeshifter) (D:13)
  2 molten gargoyles (Lair:3)
  Psyche (D:9)
  A gargoyle (D:13)
  14 komodo dragons
  9 demonic crawlers
  4 anaconda simulacra (IceCv)
  A queen bee (D:10)
  11 trolls
  A golden dragon simulacrum (IceCv)
  2 fire drakes
  5 blue devils (IceCv)
  2 polar bears (Lair:8)
  9 two-headed ogres
  30 jumping spiders
  16 blink frogs
  2 freezing wraiths
  3 merfolk
  11 slime creatures
  A trapdoor spider zombie (D:14)
  10 trapdoor spiders
  A boulder beetle (Lair:5)
  20 redbacks
  3 wraiths
  6 wyverns
  A centaur simulacrum (D:14)
  51 yaks
  10 tarantellas
  A deep elf mage (D:13)
  A dire elephant simulacrum (IceCv)
  3 basilisks (Lair:3)
  A deep elf fighter (D:13)
  10 hippogriffs
  2 harpy simulacra (IceCv)
  An iron troll simulacrum (IceCv)
  16 water moccasins
  9 wargs
  8 wolves
  A hydra simulacrum (IceCv)
  A steam dragon (Lair:3)
  4 vampire mosquitoes (D:13)
  57 orc warriors
  11 spiders
  12 porcupines
  11 ice beasts
  3 black bears
  3 wasps
  3 phantoms
  2 sky beasts
  23 ogres
  A slave (D:5)
  An eye of draining (D:14)
  10 centaurs
  11 crocodiles
  A brain worm (D:13)
  Blork the orc (D:6)
  21 giant frogs
  3 big kobolds (D:10)
  5 scorpions
  2 wyvern skeletons
  29 killer bees
  8 crimson imps
  A quasit (D:9)
  13 wights
  5 lava snakes (Lair:3)
  4 giant frog skeletons
  6 hounds
  39 orc priests
  5 jellies
  6 centaur skeletons
  28 orc wizards
  5 gnoll shamans (D:5)
  12 iguanas
  15 worker ants
  14 sheep
  A hound zombie (D:7)
  15 adders
  67 river rats
  30 gnolls (D:5)
  7 shadow imps
  6 oozes
  2 adder zombies
  3 worms
  An adder skeleton (D:8)
  294 orcs
  6 giant cockroaches
  16 hobgoblins
  28 jackals
  20 kobolds
  4 quokkas
  16 bats
  A giant cockroach zombie (D:6)
  3 giant geckos
  A giant gecko skeleton (D:4)
  7 giant newts
  29 goblins
  A jackal zombie (D:7)
  17 rats
  2 fungi
  A plant (D:5)
1401 creatures vanquished.

Vanquished Creatures (collateral kills)
  An Ice Fiend (IceCv)
  Snorg (Lair:8)
  2 hydras
  A porcupine (Lair:3)
  A water moccasin (Lair:6)
  9 river rats
15 creatures vanquished.

Vanquished Creatures (others)
  An elephant (Lair:8)
  An orc priest (Orc:4)
  An orc wizard (D:8)
  2 orcs (Orc:4)
  A goblin (D:4)
  6 fungi (Lair:8)
  5 plants
17 creatures vanquished.

Grand Total: 1433 creatures vanquished

Notes
Turn   | Place    | Note
--------------------------------------------------------------
     0 | D:1      | wotan the Ghoul Monk began the quest for the Orb.
     0 | D:1      | Reached XP level 1. HP: 19/19 MP: 0/0
   270 | D:1      | Reached XP level 2. HP: 2/27 MP: 1/1
   673 | D:1      | Reached XP level 3. HP: 24/33 MP: 2/2
  1112 | D:2      | Reached skill level 5 in Unarmed Combat
  1234 | D:2      | Reached XP level 4. HP: 40/40 MP: 3/3
  1332 | D:2      | Found a faded altar to an unknown god.
  1869 | D:3      | Reached skill level 6 in Unarmed Combat
  2101 | D:3      | Reached XP level 5. HP: 37/46 MP: 4/4
  2112 | D:3      | Noticed an ogre
  2174 | D:4      | Noticed Pikel
  2174 | D:4      | Noticed a slave
  2174 | D:4      | Noticed a slave
  2174 | D:4      | Noticed a slave
  2174 | D:4      | Noticed a slave
  2208 | D:4      | Found Jyric's Gadget Boutique.
  2307 | D:4      | Noticed a hippogriff
  2325 | D:4      | Found a shimmering altar of Xom.
  2330 | D:4      | Found a shimmering altar of Xom.
  2330 | D:4      | Found a shimmering altar of Xom.
  2330 | D:4      | Found a shimmering altar of Xom.
  2331 | D:4      | Found a shimmering altar of Xom.
  2331 | D:4      | Found a shimmering altar of Xom.
  2331 | D:4      | Found a shimmering altar of Xom.
  2388 | D:5      | Entered Level 5 of the Dungeon
  2395 | D:5      | Reached skill level 7 in Unarmed Combat
  2395 | D:5      | Reached XP level 6. HP: 28/52 MP: 5/5
  2602 | D:3      | Killed an ogre
  2602 | D:3      | Reached skill level 8 in Unarmed Combat
  3288 | D:4      | Reached XP level 7. HP: 56/56 MP: 6/6
  3757 | D:4      | Found a sparkling altar of Nemelex Xobeh.
  3985 | D:4      | Found an opulent altar of Gozag.
  4153 | D:5      | Reached skill level 9 in Unarmed Combat
  4169 | D:5      | Noticed a phantom
  4649 | D:5      | Killed a phantom
  4916 | D:5      | Noticed an ogre
  4928 | D:5      | Killed an ogre
  4928 | D:5      | Reached skill level 10 in Unarmed Combat
  4928 | D:5      | Reached XP level 8. HP: 33/66 MP: 7/7
  5134 | D:5      | Reached skill level 1 in Armour
  5519 | D:5      | Killed a slave
  6410 | D:6      | Found a white marble altar of Elyvilon.
  6562 | D:4      | Killed a hippogriff
  6613 | D:4      | Reached skill level 5 in Armour
  6809 | D:4      | Found a shimmering altar of Xom.
  6821 | D:4      | Found a shimmering altar of Xom.
  6821 | D:4      | Found a shimmering altar of Xom.
  6821 | D:4      | Found a shimmering altar of Xom.
  6822 | D:4      | Found a shimmering altar of Xom.
  6822 | D:4      | Found a shimmering altar of Xom.
  6822 | D:4      | Found a shimmering altar of Xom.
  6872 | D:4      | Found an opulent altar of Gozag.
  7044 | D:4      | Found a sparkling altar of Nemelex Xobeh.
  7078 | D:4      | Killed Pikel
  7078 | D:4      | Reached XP level 9. HP: 67/71 MP: 8/8
  7459 | D:6      | Noticed Blork the orc
  7475 | D:6      | Killed Blork the orc
  7791 | D:7      | Got a distressingly furry plate armour
  7802 | D:7      | Identified the +7 plate armour of Awe {rCorr MP-9 Str+5} (You found it on level 7 of the Dungeon)
  8007 | D:7      | Found a staircase to the Ecumenical Temple.
  8050 | Temple   | Entered the Ecumenical Temple
  8055 | Temple   | Became a worshipper of Makhleb the Destroyer
  8055 | Temple   | Acquired Makhleb's first power
  8055 | Temple   | Acquired Makhleb's second power
  8162 | D:7      | Found a radiant altar of Vehumet.
  8471 | D:7      | Reached XP level 10. HP: 78/80 MP: 0/9
  8477 | D:7      | Reached skill level 5 in Fighting
  9088 | D:8      | Found a sparkling altar of Nemelex Xobeh.
  9198 | D:8      | Found a basalt altar of Yredelemnul.
  9406 | D:8      | Acquired Makhleb's third power
  9408 | D:8      | Found a staircase to the Lair.
  9799 | Lair:1   | Entered Level 1 of the Lair of Beasts
 10042 | Lair:1   | Noticed Urug
 10108 | Lair:2   | Reached skill level 1 in Invocations
 10176 | Lair:2   | Reached skill level 5 in Invocations
 10244 | Lair:2   | Identified a scroll of acquirement
 10395 | Lair:2   | Noticed a black mamba
 10401 | Lair:2   | Killed a black mamba
 10401 | Lair:2   | Reached XP level 11. HP: 94/94 MP: 5/14
 10428 | Lair:2   | Noticed Nergalle
 10445 | Lair:2   | Killed Nergalle
 10488 | Lair:2   | Acquired Makhleb's fourth power
 10613 | Lair:2   | Reached skill level 5 in Dodging
 10617 | Lair:2   | Noticed Fannar
 11007 | Lair:2   | Killed Fannar
 11007 | Lair:2   | Reached skill level 11 in Unarmed Combat
 11280 | Lair:3   | Reached skill level 1 in Evocations
 11344 | Lair:3   | Found a staircase to the Shoals.
 11692 | Lair:3   | Noticed a six-headed hydra
 11902 | Lair:1   | Reached skill level 5 in Evocations
 12151 | Lair:1   | Killed Urug
 13183 | Lair:3   | Killed a six-headed hydra
 13183 | Lair:3   | Reached XP level 12. HP: 83/103 MP: 6/15
 13378 | Lair:3   | Reached skill level 10 in Armour
 13510 | Lair:4   | Found a hole to the Spider Nest.
 14142 | Lair:4   | Reached skill level 12 in Unarmed Combat
 14874 | Lair:5   | Found a snail-covered altar of Cheibriados.
 14916 | Lair:5   | Reached skill level 13 in Unarmed Combat
 14984 | Lair:5   | Acquired Makhleb's fifth power
 15089 | Lair:5   | Learned a level 4 spell: Olgreb's Toxic Radiance
 15555 | Lair:6   | Noticed an eight-headed hydra
 15755 | Lair:6   | Reached skill level 14 in Unarmed Combat
 15808 | Lair:6   | Killed an eight-headed hydra
 16324 | Lair:6   | Reached XP level 13. HP: 95/110 MP: 9/18
 16617 | Lair:6   | Reached skill level 10 in Invocations
 17603 | Lair:8   | Entered Level 8 of the Lair of Beasts
 17630 | Lair:8   | Reached skill level 1 in Bows
 18151 | Lair:8   | Found a staircase to the Slime Pits.
 18296 | Lair:8   | Noticed Snorg
 18515 | Lair:8   | Reached XP level 14. HP: 106/116 MP: 11/20
 19282 | Lair:8   | Got a distressingly furry ring mail
 19293 | Lair:8   | Identified the +2 ring mail "Kifobuan" {+Fly rC+ Str+3} (You found it on level 8 of the Lair of Beasts)
 20092 | Lair:8   | Killed Snorg
 20432 | D:9      | Found a staircase to the Orcish Mines.
 20494 | D:9      | Found a blossoming altar of Fedhas.
 20511 | D:9      | Noticed Joseph
 20528 | D:9      | Killed Joseph
 20754 | D:9      | Found a sparkling altar of Nemelex Xobeh.
 20914 | D:9      | Found Xupp's Assorted Antiques.
 20922 | D:9      | Bought a scroll of teleportation for 96 gold pieces
 20922 | D:9      | Bought a scroll of identify for 64 gold pieces
 20958 | D:9      | Noticed Psyche
 20964 | D:9      | Killed Psyche
 21052 | D:10     | Entered Level 10 of the Dungeon
 21104 | D:10     | Upgraded the game from 0.17-a0-1368-g6ab37f2 to 0.17-a0-1373-g64d4c99
 21147 | D:10     | Found a stormy altar of Qazlal.
 23302 | D:11     | Reached XP level 15. HP: 118/118 MP: 12/21
 23495 | D:11     | Reached skill level 15 in Unarmed Combat
 24739 | Orc:1    | Entered Level 1 of the Orcish Mines
 24739 | Orc:1    | Found Dobbo's Antique Weapon Shoppe.
 24978 | Orc:2    | Noticed Sonja
 25068 | Orc:2    | Killed Sonja
 25585 | Orc:2    | Noticed Rupert
 25591 | Orc:2    | Paralysed by Rupert for 3 turns
 26062 | Orc:3    | Noticed Nessos
 26286 | Orc:3    | Found Maqo Kie's Gadget Boutique.
 26489 | Orc:3    | Killed Nessos
 26913 | Orc:4    | Entered Level 4 of the Orcish Mines
 27269 | Orc:4    | Reached skill level 10 in Fighting
 27611 | Orc:4    | Found a roughly hewn altar of Beogh.
 27808 | Orc:4    | Found Weuly's Assorted Antiques.
 27821 | Orc:4    | Found Meycvias's Antique Weapon Shoppe.
 28553 | Orc:4    | Paralysed by an orc sorcerer for 3 turns
 28590 | Orc:4    | Got a crude bronze amulet
 28591 | Orc:4    | Identified the amulet "Hykkek" {Ward rN+ MR- Str+3 Int+2 SInv} (You found it on level 4 of the Orcish Mines)
 28657 | Orc:4    | Found a staircase to the Elven Halls.
 28823 | Orc:4    | Reached skill level 5 in Stealth
 29165 | Orc:4    | Found a roughly hewn altar of Beogh.
 29351 | Orc:4    | Reached skill level 16 in Unarmed Combat
 29448 | Orc:4    | Found Emiwien's General Store.
 29576 | Orc:4    | Found Cuecloef's Weapon Shoppe.
 30337 | D:13     | Reached XP level 16. HP: 106/137 MP: 13/22
 30365 | D:13     | Found a gate to the Vaults.
 30374 | D:13     | Got a polished ring mail
 30385 | D:13     | Identified the +1 ring mail "Ibukheto" {*Confuse rElec Str+6} (You found it on level 13 of the Dungeon)
 30722 | D:13     | Reached skill level 17 in Unarmed Combat
 32006 | D:14     | Found a sparkling altar of Nemelex Xobeh.
 32389 | D:15     | Entered Level 15 of the Dungeon
 32734 | Spider:1 | Entered Level 1 of the Spider Nest
 32766 | Spider:1 | Reached skill level 18 in Unarmed Combat
 33089 | Spider:1 | Reached skill level 5 in Bows
 34571 | Spider:3 | Found a frozen archway.
 34603 | IceCv    | Entered an ice cave
 34649 | IceCv    | Reached XP level 17. HP: 144/144 MP: 14/23
 34675 | IceCv    | Reached skill level 19 in Unarmed Combat
 34840 | IceCv    | Identified a +1 rod of destruction (13/13) (You found it on level 2 of the Spider Nest)
 35066 | IceCv    | Noticed an Ice Fiend
 35077 | IceCv    | Killed an Ice Fiend
 36111 | Spider:3 | Reached skill level 20 in Unarmed Combat
 36117 | Spider:3 | Noticed Nikola
 37098 | Spider:3 | Killed Nikola
 37235 | Spider:4 | Entered Level 4 of the Spider Nest
 37740 | Spider:4 | Blown up by an orb spider

Vault maps used:
D:1:      shiori_arrival_maze, wad_floor_pattern_2
D:2:      first_bread, ecumenical_altar_1
D:4:      xom_redecorated, kennysheep_mini_moat, serial_shops,
          nicolae_shop_statue_plus, kennysheep_path_1,
          nemelex_dance_club_becter, uniq_pikel
D:5:      lemuel_castle_with_subvaults
D:6:      elyvilon_altar_5, uniq_blork_the_orc
D:7:      lemuel_doored_altar, minmay_temple_entry_overgrown,
          nrook_loot_triangle
D:8:      nicolae_overflow_crystal_walls, yredelemnul_altar_generic,
          erik_lair_orcish_takeover
D:9:      overflow_temple_1_default, orc_0_dummy, serial_shops, shop,
          nemelex_spade_bored_becter, uniq_psyche, uniq_joseph
D:10:     hangedman_fish_farm, nicolae_qazlal_general_emergency
D:11:     minivault_22, serial_park_tiny_pond
D:12:     minivault_10, hangedman_glass_teeth, minivault_1
D:13:     nooodl_glass_maze, david_vaults_4
D:14:     lemuel_tele_altar, abandoned_shop
D:15:     gammafunk_enter_depths_forms, small_statue_intersection,
          lemuel_statue_altar
Temple:   zaba_magenta_temple_12
Lair:1:   infiniplex_staircase_pool_2, uniq_urug
Lair:2:   uniq_fannar, uniq_nergalle
Lair:3:   cheibrodos_magma_flow, elwin_shoals_entry_stream,
          grunt_forest_small_clearings, st_stairs_7, kennysheep_basilisk_garden
Lair:4:   nicolae_spider_entry_orb_guardian, infiniplex_staircase_pool
Lair:5:   kennysheep_snail_temple
Lair:6:   lab_entry_generic, beast_lair_carwin_8, grunt_megastairs_3
Lair:8:   grunt_lair_end_beastmaster, nicolae_slime_entry_slimehenge, uniq_snorg
Spider:1: nicolae_spider_nook
Spider:3: portal_ice_cave_entry_ice_beasts, hangedman_spider_mandibles,
          uniq_nikola
Spider:4: guppyfry_spider_rune
Orc:1:    serial_shops, shop_fountains
Orc:2:    uniq_sonja, uniq_rupert
Orc:3:    serial_shops, nicolae_shop_statue_plus, nicolae_orc_pool_cavern,
          uniq_nessos
Orc:4:    pubby_orc_utopia
IceCv:    ice_cave_tombish

Action                   |  1- 3 |  4- 6 |  7- 9 | 10-12 | 13-15 | 16-18 || total
-------------------------+-------+-------+-------+-------+-------+-------++-------
Melee: Unarmed           |   100 |   195 |   612 |   933 |  2722 |   951 ||  5513
 Fire: Shortbow          |       |       |       |     1 |     7 |       ||     8
       Longbow           |       |       |       |       |     2 |    55 ||    57
Invok: Major Destruction |       |       |       |     9 |     3 |       ||    12
       Lesser Servant of |       |       |       |     8 |     5 |       ||    13
       Greater Servant o |       |       |       |       |     1 |     1 ||     2
       Minor Destruction |       |       |       |       |     1 |       ||     1
 Abil: Stop Flying       |       |       |       |       |     2 |       ||     2
       Evoke Flight      |       |       |       |       |     2 |       ||     2
Evoke: Wand              |       |       |       |       |     4 |     1 ||     5
  Use: Scroll            |       |     7 |    12 |    10 |    16 |    11 ||    56
       Potion            |       |       |     1 |     2 |       |     4 ||     7
 Stab: Sleeping          |     2 |       |     3 |       |     1 |       ||     6
       Distracted        |       |       |     1 |       |     1 |       ||     2
       Invisible         |       |       |       |     7 |       |       ||     7
  Eat: Chunk             |     6 |    12 |    29 |    33 |    75 |    45 ||   200
